 Dungeon Crawl Stone Soup version 0.28-a0-561-gc72452776e (webtiles) character file.

Game seed: 689419794238375731

19274 Johnny the Frost Mage (level 12, -6/105 HPs)
             Began as a Green Draconian Ice Elementalist on Sept 29, 2021.
             Was a Priest of Sif Muna.
             Mangled by Rupert (20 damage)
             ... on level 3 of the Lair of Beasts.
             The game lasted 00:20:35 (17070 turns).

Johnny the Frost Mage (DrIE)                       Turns: 17070, Time: 00:20:36

Health: -6/105     AC: 15    Str: 14    XL:     12   Next: 35%
Magic:  26/26      EV: 16    Int: 19    God:    Sif Muna [***...]
Gold:   1949       SH:  5    Dex: 12    Spells: 14/32 levels left

rFire   x . .      SeeInvis .   c - staff of cold
rCold   + + .      Faith    .   a - +0 buckler
rNeg    . . .      Spirit   .   (armour unavailable)
rPois   +          Reflect  .   (helmet restricted)
rElec   .          Harm     .   y - +2 cloak
rCorr   .          Rampage  .   s - +0 pair of gloves
Will    .....                   A - +2 pair of boots
Stlth   ++........              K - amulet of magic regeneration
HPRegen 0.27/turn               n - ring of ice
MPRegen 0.45/turn               f - +4 ring of evasion

@: freezing walls
A: breathe noxious fumes, AC +8, unfitting armour, poison resistance,
cold-blooded, mutation resistance 1, strong 1
a: Breathe Noxious Fumes, Renounce Religion, Channel Magic, Forget Spell


You were on level 3 of the Lair of Beasts.
You worshipped Sif Muna.
Sif Muna was most pleased with you.
You visited 3 branches of the dungeon, and saw 13 of its levels.
You also visited: Ossuary and Bailey.

You collected 1949 gold pieces.

Inventory:

Hand Weapons
 e - a +1 vorpal dagger
Missiles
 L - 5 throwing nets
Armour
 a - a +0 buckler (worn)
 s - a +0 pair of gloves (worn)
 y - a +2 cloak (worn)
 A - a +2 pair of boots (worn)
Magical Staves
 c - a staff of cold (weapon)
Jewellery
 f - a +4 ring of evasion (right hand)
 n - a ring of ice (left hand)
 G - a ring of fire
 K - an amulet of magic regeneration (around neck)
 O - a ring of resist corrosion
Wands
 d - a wand of charming (8)
 B - a wand of polymorph (5)
 D - a wand of paralysis (2)
 N - a wand of digging (4)
 R - a wand of iceblast (4)
 S - a wand of acid (2)
Scrolls
 h - 7 scrolls of amnesia
 i - 3 scrolls of vulnerability
 j - 2 scrolls of torment
 l - 2 scrolls of enchant armour
 o - 5 scrolls of summoning
 p - 2 scrolls of brand weapon
 r - 5 scrolls of teleportation {unknown}
 u - 7 scrolls of enchant weapon {unknown}
 w - a scroll of silence {unknown}
 x - 2 scrolls of immolation
 E - a scroll of fog {unknown}
 F - 2 scrolls of noise
 I - 2 scrolls of fear
 Q - 2 scrolls of identify
Potions
 b - a potion of ambrosia
 g - 2 potions of might
 k - 5 potions of haste
 m - a potion of invisibility
 q - 2 potions of mutation
 t - 2 potions of brilliance
 v - 3 potions of curing
 z - 3 potions of magic
 C - 4 potions of flight {unknown}
 H - 2 potions of heal wounds
 M - a potion of lignification {unknown}
 P - a potion of berserk rage {unknown}
Miscellaneous
 J - a phantom mirror


   Skills:
 - Level 9.4 Fighting
 - Level 1.7 Dodging
 - Level 1.7 Stealth
 - Level 6.0 Shields
 + Level 10.7 Spellcasting
 + Level 12.1 Ice Magic
 - Level 8.4 Invocations


You had 14 spell levels left.
You knew the following spells:

 Your Spells              Type           Power      Damage    Failure   Level
a - Freeze                Ice            100%       1d11      1%          1
b - Frozen Ramparts       Ice            100%       1d12      1%          3
c - Ozocubu's Armour      Ice            91%        N/A       1%          3
d - Ozocubu's Refrigerat  Ice            45%        4d14      38%         7
f - Hailstorm             Conj/Ice       65%        3d14      6%          4

Your spell library contained the following spells:

 Spells                   Type           Power      Damage    Failure   Level
 Sandblast                Erth           20%        2d7       7%          1
 Passwall                 Tmut/Erth      8%         N/A       11%         2
 Stone Arrow              Conj/Erth      20%        3d8       21%         3
 Swiftness                Air            10%        N/A       21%         3
 Dispersal                Tloc           5%         N/A       100%        6
 Invisibility             Hex            5%         N/A       100%        6
 Disjunction              Tloc           5%         N/A       100%        8


Dungeon Overview and Level Annotations

Branches:
Dungeon (9/15)             Temple (1/1) D:6            Lair (3/6) D:9
Ossuary (visited)          Bailey (visited)
  Swamp: Lair:2-4    Shoals: Lair:2-4     Snake: Lair:2-4    Spider: Lair:2-4
    Orc: D:9-12

Altars:
Ashenzari
Cheibriados
Dithmenos
Fedhas
Hepliaklqana
Makhleb
Nemelex Xobeh
Qazlal
Ru
Sif Muna
Trog
Uskayaw
Wu Jian
Xom
Yredelemnul
The Shining One

Annotations:
D:9 2 runed translucent doors, Stajl's ghost, journeyman HOFi
Lair:3 Rupert


Innate Abilities, Weirdness & Mutations

You can breathe blasts of noxious fumes.
Your lurid green scales are hard. (AC +8)
You cannot fit into any form of body armour.
Your system is resistant to poisons. (rPois)
You are cold-blooded and may be slowed by cold attacks.
You are somewhat resistant to further mutation.
Your muscles are strong. (Str +2)


Message History

Rupert yells loudly at you.
You struggle to resist.
Aiming: Corrosive Bolt
Press: ? - help, Shift-Dir - straight line, f/p - Rupert
Aim: Rupert, wielding a +1 vorpal great mace and wearing a +0 scale mail (moderately wounded, covered in acid, 75% to hit)
The bolt of acid hits Rupert!
Rupert seems to be corroded for longer.
Rupert is heavily wounded.
The wall freezes Rupert.
Rupert yells loudly at you.
You are confused.
You are too confused!
Unknown command.
You feel better.
The wall freezes Rupert.
Rupert roars madly and goes into a rage!
Rupert goes berserk!
Aiming: Corrosive Bolt
Press: ? - help, Shift-Dir - straight line, f/p - Rupert
Aim: Rupert, wielding a +1 vorpal great mace and wearing a +0 scale mail (heavily wounded, berserk, covered in acid, 75% to hit)
The bolt of acid misses Rupert.
The wall freezes Rupert.
Aiming: Corrosive Bolt
Press: ? - help, Shift-Dir - straight line, f/p - Rupert
Aim: Rupert, wielding a +1 vorpal great mace and wearing a +0 scale mail (heavily wounded, berserk, covered in acid, 75% to hit)
The bolt of acid misses Rupert.
The wall freezes Rupert!
Rupert hits you with a +1 vorpal great mace!!!
The wall freezes Rupert!
Rupert hits you with a +1 vorpal great mace!!!
* * * LOW HITPOINT WARNING * * *
x2
Okay, then.
Okay, then.
As you read the scroll labelled DONACU MODGHAISS, it crumbles to dust.
It is a scroll of brand weapon.
Your +1 dagger of freezing emits a brilliant flash of light!
e - a +1 vorpal dagger The wall freezes Rupert.
Rupert completely misses you.
As you read the scroll labelled HUACRORCH ETUI, it crumbles to dust.
The creatures around you are filled with an inner flame!
It was a scroll of immolation.
The wall freezes Rupert.
Flame seeps out of Rupert.
Rupert hits you with a +1 vorpal great mace!!
You die...

# ##.......#
## ####....#
.### #....##
...# #.....#
..## ###...#
..# #...#
.## ##..###
.# #....# .#
##@.## ##
#@...# #
#....# #
......#
#........
P.........
#...........
##.......(..


You could see Rupert (berserk, inner flame, corroded).

Vanquished Creatures
  An orc warlord (Bailey)
  2 boulder beetles
  A hydra (Lair:1)
  Harold (D:9)
  A two-headed ogre (D:9)
  Urug (Lair:1)
  A deep elf zephyrmancer (D:8)
  2 orc knights (Bailey)
  2 black mambas (Lair:3)
  7 cane toads
  7 komodo dragons
  A polar bear (Lair:1)
  A troll (D:9)
  Prince Ribbit (D:8)
  3 blink frogs (Lair:3)
  A shadow (D:9)
  3 yaks (Lair:1)
  4 basilisks
  A steam dragon (D:7)
  3 wargs (D:9)
  6 water moccasins
  11 orc warriors (Bailey)
  An ice beast (D:6)
  A sky beast (D:6)
  A black bear (Lair:1)
  2 ogres
  17 wolves
  8 centaurs
  An elf zombie (Ossuary)
  10 bullfrogs
  A gnoll sergeant (D:9)
  3 scorpions
  A water moccasin zombie (D:5)
  3 killer bees (D:8)
  A howler monkey (D:6)
  2 centaur zombies
  3 hounds
  2 bullfrog skeletons
  6 orc priests
  4 orc wizards
  An iguana (D:4)
  A killer bee zombie (D:5)
  A hound skeleton (D:5)
  3 mummies (Ossuary)
  30 gnolls
  An adder (D:6)
  A white imp (D:7)
  2 ufetubi
  2 adder zombies (Ossuary)
  A worm (D:5)
  6 dart slugs
  32 orcs
  15 endoplasms
  2 giant cockroaches (D:1)
  27 goblins
  17 hobgoblins
  2 jackals (D:1)
  3 quokkas
  5 ball pythons
  5 bats
  2 frilled lizards
  4 goblin zombies
  5 hobgoblin zombies
  10 kobolds
  3 quokka zombies (Ossuary)
  7 rats
  5 rat zombies (Ossuary)
  A bush (D:9)
322 creatures vanquished.

Vanquished Creatures (others)
  A fungus (Lair:2)
  11 plants (D:5)
12 creatures vanquished.

Grand Total: 334 creatures vanquished

Notes
Turn   | Place    | Note
-------+----------+-------------------------------------------
     0 | D:1      | Johnny the Draconian Ice Elementalist began the quest for
                  | the Orb.
     0 | D:1      | Reached XP level 1. HP: 14/14 MP: 3/3
   976 | D:1      | Reached XP level 2. HP: 20/22 MP: 5/5
  1197 | D:1      | Reached skill level 1 in Fighting
  1202 | D:1      | Reached skill level 1 in Shields
  1460 | D:1      | Reached XP level 3. HP: 28/28 MP: 6/6
  2445 | D:3      | Reached XP level 4. HP: 24/36 MP: 0/8
  3453 | D:2      | Reached XP level 5. HP: 36/41 MP: 7/9
  3715 | D:2      | Learned a level 3 spell: Frozen Ramparts
  3719 | D:2      | Learned a level 3 spell: Ozocubu's Armour
  4187 | D:4      | Reached skill level 5 in Ice Magic
  4214 | D:4      | Reached XP level 6. HP: 50/50 MP: 7/11
  4571 | D:5      | Entered Level 5 of the Dungeon
  4662 | D:5      | Your scales start taking on a lurid green colour.
  4662 | D:5      | Reached XP level 7. HP: 10/58 MP: 1/12
  4662 | D:5      | Gained mutation: Your system is resistant to poisons.
                  | (rPois) [Green Draconian growth]
  4723 | D:6      | Found a staircase to the Ecumenical Temple.
  4777 | D:5      | Gained mutation: Your muscles are strong. (Str +2) [potion
                  | of mutation]
  4777 | D:5      | Gained mutation: You are somewhat resistant to further
                  | mutation. [potion of mutation]
  4796 | D:5      | Found a sand-covered staircase.
  4810 | Ossuary  | Entered an ossuary
  5335 | Ossuary  | Learned a level 4 spell: Hailstorm
  5793 | D:5      | Reached skill level 6 in Ice Magic
  5958 | D:5      | Reached XP level 8. HP: 67/67 MP: 13/15
  6356 | D:6      | Reached skill level 5 in Fighting
  6361 | D:6      | Reached skill level 5 in Spellcasting
  6605 | D:6      | Reached skill level 5 in Shields
  7138 | D:6      | Reached skill level 7 in Ice Magic
  7733 | D:6      | Identified the +1 pair of boots "Xirr" {Str+8 Stlth-}
  7917 | D:7      | Reached XP level 9. HP: 46/75 MP: 17/17
  8140 | Temple   | Entered the Ecumenical Temple
  8172 | Temple   | Became a worshipper of Sif Muna the Loreminder
  9718 | D:8      | Noticed Prince Ribbit
  9733 | D:8      | Killed Prince Ribbit
  9734 | D:8      | Reached skill level 1 in Invocations
  9917 | D:8      | Identified a scroll of acquirement
  9920 | D:8      | Acquired a staff of cold
  9978 | D:8      | Found a basalt altar of Yredelemnul.
 10128 | D:8      | Noticed a deep elf zephyrmancer
 10139 | D:8      | Killed a deep elf zephyrmancer
 10140 | D:8      | Reached skill level 8 in Ice Magic
 10479 | D:9      | Found a large runed translucent door.
 10503 | D:9      | Reached * piety under Sif Muna
 10544 | D:9      | Noticed a troll
 10552 | D:9      | Killed a troll
 10576 | D:9      | Found a flagged portal.
 10593 | Bailey   | Entered a bailey
 10769 | Bailey   | Learned a level 7 spell: Ozocubu's Refrigeration
 10984 | Bailey   | Noticed an orc knight
 10989 | Bailey   | Reached XP level 10. HP: 85/88 MP: 4/20
 10993 | Bailey   | Killed an orc knight
 11110 | Bailey   | Reached ** piety under Sif Muna
 11247 | Bailey   | Noticed an orc knight
 11247 | Bailey   | Noticed an orc warlord
 11267 | Bailey   | Killed an orc knight
 11269 | Bailey   | Reached skill level 9 in Ice Magic
 11275 | Bailey   | Killed an orc warlord
 11276 | Bailey   | Reached skill level 5 in Invocations
 11358 | Bailey   | Acquired 1028 gold pieces
 11362 | Bailey   | Acquired an amulet of magic regeneration
 11562 | D:9      | Noticed a boulder beetle
 11569 | D:9      | Noticed a two-headed ogre
 11607 | D:9      | Killed a boulder beetle
 11628 | D:9      | Killed a two-headed ogre
 11629 | D:9      | Reached XP level 11. HP: 21/97 MP: 1/23
 12232 | D:9      | Reached *** piety under Sif Muna
 12241 | D:9      | Found a staircase to the Lair.
 12255 | D:9      | Noticed Harold
 12279 | D:9      | Killed Harold
 12356 | D:9      | Found a large runed translucent door.
 12361 | D:9      | Noticed Stajl's ghost (journeyman HOFi)
 12899 | Lair:1   | Entered Level 1 of the Lair of Beasts
 12922 | Lair:1   | Reached skill level 10 in Ice Magic
 13269 | Lair:1   | Noticed a four-headed hydra
 13283 | Lair:1   | Killed a four-headed hydra
 14236 | Lair:2   | Noticed Urug
 14254 | Lair:1   | Killed Urug
 14792 | Lair:2   | Noticed a boulder beetle
 14818 | Lair:2   | Killed a boulder beetle
 15061 | Lair:2   | Reached skill level 11 in Ice Magic
 15780 | Lair:2   | Reached XP level 12. HP: 75/105 MP: 21/25
 16075 | Lair:2   | Reached skill level 10 in Spellcasting
 16897 | Lair:3   | Reached **** piety under Sif Muna
 16898 | Lair:3   | Reached skill level 12 in Ice Magic
 17057 | Lair:3   | Noticed Rupert
 17058 | Lair:3   | Paralysed by Rupert for 4 turns
 17070 | Lair:3   | Mangled by Rupert

Illustrated notes

Levels and vault maps discovered:
D:1:      enne_arrival_octagon_isle, layout_basic
D:2:      minmay_diamond_boxcup, layout_basic
D:3:      layout_rooms
D:4:      layout_cave_pools, st_stairs_12
D:5:      minmay_general_purpose_star, layout_loops_ring, enter_ossuary_3,
          serial_bayou_pond_c, chequers_serial_rivers_micro_e
D:6:      layout_layer_cave, minmay_temple_entry_overgrown, centaur_isle
D:7:      layout_basic, serial_aquarium, aquarium_bridge_square
          [aquarium_subvault_bridge, aquarium_subvault_window,
          aquarium_subvault_balcony, aquarium_subvault_wall], aquarium_window_1,
          aquarium_window_corner, aquarium_view_2d, aquarium_view_2e,
          aquarium_pool_1
D:8:      layout_loops_ring, mainiacjoe_overflow_24_doors,
          guppyfry_early_elven_hall, uniq_prince_ribbit1
D:9:      layout_big_octagon, erik_lair_orcish_takeover, enter_bailey_2,
          ebering_ghost_disaster_area, kb_lookout_dungeons_type, uniq_harold
Temple:   nicolae_temple_the_god_donut
Lair:1:   layout_chaotic_city, serial_bayou_shore_b
Lair:2:   layout_gridlike, nzn_sisyphean_effort, uniq_urug
Lair:3:   layout_cave_pods, uniq_rupert

Skill      XL: |  1  2  3  4  5  6  7  8  9 10 11 12 |
---------------+-------------------------------------+-----
Fighting       | 1 2 3 4 6 7 9 |  9.4
Shields        | 1 2 3 4 5 6 |  6.0
Spellcasting   | 3 4 5 7 8 9 10 | 10.7
Ice Magic      | 5 6 7 8 9 11 12 | 12.1
Invocations    | 3 6 8 |  8.4
Dodging        | |  1.7
Stealth        | |  1.7

Action                   |  1- 3 |  4- 6 |  7- 9 | 10-12 || total
-------------------------+-------+-------+-------+-------++-------
Melee: Dagger            |    97 |    94 |   407 |       ||   598
       Unarmed           |     7 |       |       |       ||     7
       Tailslap          |    11 |     9 |    57 |    18 ||    95
       Staff             |       |       |     2 |   113 ||   115
 Cast: Freeze            |    22 |    51 |    48 |   208 ||   329
       Frozen Ramparts   |       |     1 |    10 |    35 ||    46
       Hailstorm         |       |       |    19 |    26 ||    45
 Abil: Breathe Noxious F |       |       |     3 |       ||     3
Evoke: Wand              |       |       |    17 |    18 ||    35
  Use: Scroll            |       |       |     9 |     8 ||    17
       Potion            |       |       |     5 |     1 ||     6
 Stab: Sleeping          |     4 |     8 |     2 |       ||    14
       Distracted        |       |       |     1 |     2 ||     3
       Paralysed         |       |       |       |     1 ||     1
Armor: Skin              |    28 |    28 |   196 |    82 ||   334
Dodge: Dodged            |    45 |    64 |   397 |   237 ||   743
Block: Buckler           |     5 |    22 |   120 |    45 ||   192

Table legend: (Time is in decaauts)
 A = Elapsed time spent in this place.
 B = Non-inter-level travel time spent in this place.
 C = Inter-level travel time spent in this place.
 D = Time resting spent in this place.
 E = Time spent auto-exploring this place.
 F = Levels seen in this place.
 G = Mean time per level.
                   A        B        C        D        E       F      G
               +--------+--------+--------+--------+--------+-----+--------+
         Total |  17112 |  16696 |    416 |   4098 |   9697 |  15 | 1140.8 |
       Dungeon |  11273 |  10906 |    367 |   1990 |   7003 |   9 | 1252.6 |
        Temple |     44 |     25 |     19 |      0 |     14 |   1 |   44.0 |
          Lair |   4179 |   4150 |     29 |   1393 |   2265 |   3 | 1393.0 |
       Ossuary |    687 |    687 |      0 |    398 |    116 |   1 |  687.0 |
        Bailey |    926 |    926 |      0 |    317 |    299 |   1 |  926.0 |
               +--------+--------+--------+--------+--------+-----+--------+

Top non-repeatable levels by time:
     D:1: 1968 daAuts
  Lair:2: 1791 daAuts
  Lair:1: 1578 daAuts
     D:9: 1512 daAuts
     D:6: 1390 daAuts
     D:8: 1283 daAuts
     D:7: 1265 daAuts
     D:5: 1242 daAuts
  Bailey: 926 daAuts
     D:2: 925 daAuts
     D:3: 869 daAuts
     D:4: 816 daAuts
  Lair:3: 809 daAuts
 Ossuary: 687 daAuts
  Temple: 44 daAuts
